 Dungeon Crawl Stone Soup version 0.25.0-15-gac7dcb8919 (webtiles) character file.

Game seed: 3148986604342923907

18 grindst0ne the Chopper (level 2, -2/36 HPs)
             Began as a Human Chaos Knight on June 28, 2020.
             Was a Plaything of Xom.
             Slain by a neqoxec (12 damage)
             ... summoned by Xom
             ... on level 2 of the Dungeon.
             The game lasted 00:01:39 (1122 turns).

grindst0ne the Chopper (Human Chaos Knight)         Turns: 1122, Time: 00:01:40

Health: -2/36      AC:  8    Str: 12      XL:     2   Next: 90%
Magic:  2/2        EV: 11    Int: 11 (12) God:    Xom [......]
Gold:   45         SH:  0    Dex: 12      Spells: 1/1 levels left

rFire    . . .     SeeInvis .   a - +0 hand axe (chaos)
rCold    . . .     Gourm    .   (no shield)
rNeg     . . .     Faith    .   b - +2 leather armour
rPois    .         Spirit   .   (no helmet)
rElec    .         Reflect  .   (no cloak)
rCorr    .         Harm     .   (no gloves)
MR       .....     Rnd*Rage +   f - +0 pair of boots
Stlth    ..........             (no amulet)
HPRegen  0.12/turn              (no ring)
MPRegen  0.08/turn              (no ring)

@: berserking, very quick
A: molten scales 1, berserk 1, deterioration 1
a: Renounce Religion


You were on level 2 of the Dungeon.
You worshipped Xom.
You were a very special plaything of Xom.
You were not hungry.

You visited 1 branch of the dungeon, and saw 2 of its levels.

You collected 45 gold pieces.

Inventory:

Hand Weapons
 a - a +0 hand axe of chaos (weapon)
Missiles
 j - 2 boomerangs (quivered)
 k - 17 poisoned darts
Armour
 b - a +2 leather armour (worn)
 f - a +0 pair of boots (worn)
Scrolls
 d - a scroll of magic mapping {unknown}
 h - 2 scrolls of remove curse {unknown}
 i - a scroll of identify {unknown}
Potions
 g - 2 potions of flight {unknown}
Comestibles
 c - 3 rations
 l - 3 chunks of flesh


   Skills:
 + Level 3.2 Fighting
 + Level 3.2 Axes
 + Level 2.3 Armour
 + Level 1.4 Dodging


You had one spell level left.
You didn't know any spells.
Your spell library was empty.

Dungeon Overview and Level Annotations

Branches:
Dungeon (2/15)

Altars:
Nemelex Xobeh
Xom

Annotations:
D:1 exclusion: downstairs
D:2 Sigmund


Innate Abilities, Weirdness & Mutations

You are partially covered in molten scales. (AC +2)
You tend to lose your temper in combat.
Your body sometimes deteriorates upon taking damage.


Message History

The neqoxec is almost dead.
You closely miss the neqoxec.
The neqoxec is almost dead.
The neqoxec barely misses you.
You miss the neqoxec.
The neqoxec is almost dead.
The neqoxec gestures.
You barely miss the neqoxec.
The neqoxec is almost dead.
You barely miss the iron imp. You slash the ufetubus!
You kill the ufetubus!
The neqoxec hits you!
* * * LOW HITPOINT WARNING * * *
You closely miss the neqoxec.
The neqoxec is almost dead.
You hit the iron imp. The iron imp barely misses you.
You barely miss the neqoxec.
The neqoxec is almost dead.
You hit the iron imp.
The iron imp convulses.
The neqoxec hits you!
You die...

###.###....#.....##.......#
........((.+.....##.......#
...#.#(.###.....##.......#
####.##.## #+####.......# . #..#
#. #.......###.
#########.####_#####รท.........#
.......................>......#
#####.###..###.#5.............#
# #<#.# ##.# #.#@##.##........#
# #.#.# #.###.#3#............# #
#.#.# #.....wg#..##.######## #
#.#.# .......sr#..##... ###.#.#
###......#..###### ....#.#
#..###.#..# ###.#.# #.........#
....#.# #.........# ###.#.#
#...........


You could see a neqoxec (summoned, agile), a worm, an iron imp (summoned), a
quokka, a giant cockroach and a hobgoblin.

Vanquished Creatures
  A leopard gecko (D:1)
  3 giant cockroaches (D:1)
  A goblin (D:1)
  2 hobgoblins
  4 kobolds
  A bat (D:1)
  2 frilled lizards (D:1)
  2 rats
16 creatures vanquished.

Notes
Turn   | Place    | Note
-------+----------+-------------------------------------------
     0 | D:1      | grindst0ne the Human Chaos Knight began the quest for the
                  | Orb.
     0 | D:1      | Reached XP level 1. HP: 18/18 MP: 1/1
   230 | D:1      | Reached XP level 2. HP: 23/24 MP: 2/2
   315 | D:1      | Found a sparkling altar of Nemelex Xobeh.
   463 | D:1      | XOM: divination: detect creatures
   730 | D:1      | XOM: silly message
   828 | D:1      | XOM: summons 1 hostile shadow creature
   900 | D:2      | Noticed Sigmund
   914 | D:2      | XOM: chaos upgrade
  1057 | D:2      | XOM: give mutations
  1057 | D:2      | Gained mutation: You tend to lose your temper in combat.
                  | [Xom's mischief]
  1057 | D:2      | Gained mutation: You are partially covered in molten
                  | scales. (AC +2) [Xom's mischief]
  1057 | D:2      | Gained mutation: Your body sometimes deteriorates upon
                  | taking damage. [Xom's mischief]
  1103 | D:2      | XOM: summons 2 hostile demons
  1104 | D:2      | Noticed a neqoxec
  1111 | D:2      | XOM: scenery: create altars
  1122 | D:2      | Slain by a neqoxec

Illustrated notes

Levels and vault maps discovered:
D:1:      shiori_arrival_maze, layout_basic, nemelex_xobeh_ov_fountains_minmay
D:2:      layout_basic, uniq_natasha, uniq_sigmund

Action                   || total
-------------------------++-------
Melee: Hand axe          ||    57
  Use: Potion            ||     1
 Stab: Sleeping          ||     1
  Eat: Chunk             ||     1
Armor: Leather armour    ||    30
Dodge: Dodged            ||    32
